 Dungeon Crawl Stone Soup version 0.25.1-2-g60ff931df9 (webtiles) character file.

Game seed: 2786309896730545380

8261 DerDa the Protected (level 11, -4/89 HPs)
             Began as a Gnoll Wanderer on Aug 21, 2020.
             Was a High Priest of Okawaru.
             Slain by a large abomination (9 damage)
             ... on level 3 of the Abyss.
             The game lasted 00:32:43 (12977 turns).

DerDa the Protected (Gnoll Wanderer)               Turns: 12977, Time: 00:32:44

Health: -4/89      AC:  8    Str: 15 (18) XL:     11   Next: 28%
Magic:  20/20      EV: 11    Int:  9 (12) God:    Okawaru [*****.]
Gold:   629        SH:  6    Dex: 16 (17) Spells: 22/22 levels left

rFire    . . .     SeeInvis .   b - +2 spear (venom)
rCold    . . .     Gourm    .   t - +0 buckler
rNeg     . . .     Faith    +   N - +0 troll leather armour
rPois    +         Spirit   .   (no helmet)
rElec    .         Reflect  .   i - +0 cloak
rCorr    .         Harm     .   H - +0 pair of gloves
MR       .....                  (no boots)
Stlth    +++.......             G - amulet of faith
HPRegen  0.64/turn              w - ring of poison resistance
MPRegen  0.17/turn              d - -4 ring of evasion (curse)

@: about to teleport, berserk cooldown, stab, flying (expiring)
A: distributed training, fangs 1, strong nose
a: Heroism, Finesse, Renounce Religion


You were on level 3 of the Abyss.
You worshipped Okawaru.
Okawaru was extremely pleased with you.
You were not hungry.

You visited 2 branches of the dungeon, and saw 12 of its levels.
You visited the Abyss 1 time.

You collected 725 gold pieces.
You spent 96 gold pieces at shops.

Inventory:

Hand Weapons
 a - a +2 hand crossbow
 b - a +2 spear of venom (weapon)
 n - a +0 falchion
 R - a +0 whip of electrocution
Missiles
 c - 29 poisoned darts (quivered)
 u - 131 bolts
 D - 22 sling bullets
 F - 2 throwing nets
Armour
 i - a +0 cloak (worn)
 t - a +0 buckler (worn)
 H - a +0 pair of gloves (worn)
 N - a +0 troll leather armour (worn)
 T - +0 steam dragon scales
Jewellery
 d - a cursed -4 ring of evasion (right hand)
 w - a ring of poison resistance (left hand)
 G - an amulet of faith (around neck)
 S - an uncursed amulet of reflection {unknown}
Wands
 g - a wand of acid (8)
 A - a wand of clouds (11)
 E - a wand of iceblast (3)
 K - a wand of polymorph (14)
 Q - a wand of random effects (37)
Scrolls
 h - 2 scrolls of enchant armour
 l - 2 scrolls of amnesia
 m - a scroll of blinking
 o - 3 scrolls of teleportation
 q - 3 scrolls of remove curse
 r - 2 scrolls of fog
 x - 3 scrolls of immolation
 y - a scroll of enchant weapon
 I - 2 scrolls of magic mapping
Potions
 j - a potion of flight
 s - 2 potions of heal wounds {unknown}
 v - a potion of magic {unknown}
 z - a potion of invisibility {unknown}
 B - 2 potions of resistance {unknown}
 C - a potion of cancellation {unknown}
 J - 5 potions of brilliance {unknown}
 M - a potion of might {unknown}
 O - 2 potions of curing
 P - 4 potions of haste
 U - a potion of lignification
Miscellaneous
 L - a lightning rod (3/4)
Comestibles
 f - 16 rations


   Skills:
 + Level 9.0 Fighting
 + Level 6.0 Short Blades
 + Level 6.0 Long Blades
 + Level 6.0 Axes
 + Level 6.0 Maces & Flails
 + Level 6.0 Polearms
 + Level 6.0 Staves
 + Level 6.0 Slings
 + Level 6.0 Bows
 + Level 7.6 Crossbows
 + Level 6.0 Throwing
 + Level 9.0 Armour
 + Level 6.0 Dodging
 + Level 6.5 Stealth
 + Level 6.0 Shields
 + Level 6.0 Unarmed Combat
 + Level 6.0 Spellcasting
 + Level 5.0 Conjurations
 + Level 5.0 Hexes
 + Level 5.0 Charms
 + Level 5.0 Summonings
 + Level 5.0 Necromancy
 + Level 5.0 Translocations
 + Level 5.0 Transmutations
 + Level 5.0 Fire Magic
 + Level 5.0 Ice Magic
 + Level 5.0 Air Magic
 + Level 5.0 Earth Magic
 + Level 5.0 Poison Magic
 + Level 6.6 Invocations
 + Level 6.6 Evocations


You had 22 spell levels left.
You didn't know any spells.
Your spell library contained the following spells:

 Spells                   Type           Power        Failure   Level  Hunger
 Animate Skeleton         Necr           N/A          3%          1    None
 Apportation              Tloc           ##....       3%          1    None
 Corona                   Hex            ##.....      3%          1    None
 Freeze                   Ice            ##..         3%          1    None
 Summon Small Mammal      Summ           ##..         3%          1    None
 Confusing Touch          Hex            ##......     10%         3    ###....
 Frozen Ramparts          Ice            ##....       10%         3    ###....
 Gell's Gravitas          Tloc           ##........   10%         3    ###....
 Ozocubu's Armour         Chrm/Ice       ##......     10%         3    ###....
 Hailstorm                Conj/Ice       ##......     32%         4    ####...
 Petrify                  Tmut/Erth      ##......     32%         4    ####...
 Summon Ice Beast         Ice/Summ       ##......     32%         4    ####...
 Metabolic Englaciation   Hex/Ice        ##........   67%         5    ######.
 Yara's Violent Unravell  Hex/Tmut       ##........   67%         5    ######.


Dungeon Overview and Level Annotations

Branches:
Dungeon (11/15)            Temple (1/1) D:5            Lair (0/6) D:10
    Orc (0/2) D:11

Altars:
Ashenzari
Cheibriados
Dithmenos
Elyvilon
Fedhas
Gozag
Hepliaklqana
Kikubaaqudgha
Makhleb
Nemelex Xobeh
Okawaru
Qazlal
Ru
Sif Muna
Trog
Uskayaw
Vehumet
Wu Jian
Xom
Yredelemnul
Zin
The Shining One

Shops:
D:10 !


Innate Abilities, Weirdness & Mutations

Your experience applies equally to all skills.
You have very sharp teeth.
Your uncanny sense of smell can sniff out nearby items.


Message History

Found 52 gold pieces.
A large abomination comes into view.
A tentacled monstrosity comes into view.
The large abomination completely misses you.
The large abomination hits you!!
* * * LOW HITPOINT WARNING * * *
The large abomination closely misses you.
You block the large abomination's attack.
You are starting to lose your buoyancy.
You block the large abomination's attack.
As you read the scroll of teleportation, it crumbles to dust.
You feel strangely unstable.
You feel the power of the Abyss delaying your translocation!
The large abomination hits you!!
* * * LOW HITPOINT WARNING * * *
All of the chunks of flesh in your inventory have rotted away.
Unknown command.
You feel yourself speed up. The large abomination hits you!
You die...

#. .#... # ## ##.#.
#.#.##...#.##... #..#..
.#..##.#.$.. . . ....#.#
.##..#X#.....##.
#..#...#.#.#§.##........
........##.X...#..#.## #
#........#.##..##.# # ..
§....#...#..§.##..... #
...§#..@XX##..#....##.#.
.###..#.##.#.##.# ..## #
#... ### ..##.#..# . #
#..# #...#..#.# ... ..
.#.#.# # ##. # #.### #
..# #.. #. #. # ##.∆


You could see a tentacled monstrosity and a large abomination.

Vanquished Creatures
  A two-headed ogre (D:11)
  Pikel (D:8)
  Maurice (D:8)
  Maggie (D:8)
  4 trolls
  Grinder (D:3)
  2 dream sheep (D:11)
  9 yaks
  3 ice beasts
  3 sky beasts
  A black bear (D:9)
  2 necrophages
  An orc warrior (D:9)
  4 centaurs
  3 ogres
  2 big kobolds (D:11)
  3 bullfrogs
  A scorpion (D:3)
  5 killer bees
  9 howler monkeys
  3 wights (D:8)
  2 crimson imps
  3 orc priests
  A bullfrog zombie (D:10)
  5 hounds
  2 jellies
  A gnoll shaman (D:6)
  5 orc wizards
  2 bullfrog skeletons
  A centaur skeleton (D:8)
  2 iguanas
  Terence (D:2)
  10 worker ants
  A hound skeleton (D:6)
  A worker ant zombie (D:11)
  4 gnolls
  A howler monkey skeleton (D:8)
  18 adders
  6 shadow imps
  An ooze (D:2)
  2 adder skeletons
  2 worms
  4 dart slugs
  3 leopard geckos
  22 orcs
  7 giant cockroaches
  10 goblins
  12 hobgoblins
  30 jackals
  4 kobolds
  5 quokkas
  4 bats
  4 frilled lizards
  A giant cockroach zombie (D:6)
  3 leopard gecko skeletons
  2 leopard gecko zombies
  14 rats
256 creatures vanquished.

Notes
Turn   | Place    | Note
-------+----------+-------------------------------------------
     0 | D:1      | DerDa the Gnoll Wanderer began the quest for the Orb.
     0 | D:1      | DerDa set off with the following items: a +2 hand crossbow,
                  | 26 bolts, a potion of lignification, a +0 ring mail, a
                  | ration
     0 | D:1      | Reached XP level 1. HP: 23/23 MP: 2/2
    45 | D:1      | Reached XP level 2. HP: 29/29 MP: 3/3
   163 | D:1      | Reached XP level 3. HP: 35/35 MP: 4/4
   636 | D:1      | Reached skill level 1 in Invocations
  1003 | D:2      | Reached skill level 1 in Short Blades
  1003 | D:2      | Reached skill level 1 in Long Blades
  1003 | D:2      | Reached skill level 1 in Axes
  1003 | D:2      | Reached skill level 1 in Maces & Flails
  1003 | D:2      | Reached skill level 1 in Polearms
  1003 | D:2      | Reached skill level 1 in Staves
  1003 | D:2      | Reached skill level 1 in Slings
  1003 | D:2      | Reached skill level 1 in Bows
  1003 | D:2      | Reached skill level 1 in Throwing
  1003 | D:2      | Reached skill level 1 in Dodging
  1003 | D:2      | Reached skill level 1 in Shields
  1003 | D:2      | Reached skill level 1 in Unarmed Combat
  1003 | D:2      | Reached skill level 1 in Spellcasting
  1014 | D:2      | Noticed Terence
  1020 | D:2      | Killed Terence
  1020 | D:2      | Reached XP level 4. HP: 41/41 MP: 6/6
  1160 | D:2      | Reached skill level 1 in Conjurations
  1160 | D:2      | Reached skill level 1 in Hexes
  1160 | D:2      | Reached skill level 1 in Charms
  1160 | D:2      | Reached skill level 1 in Summonings
  1160 | D:2      | Reached skill level 1 in Necromancy
  1160 | D:2      | Reached skill level 1 in Translocations
  1160 | D:2      | Reached skill level 1 in Transmutations
  1160 | D:2      | Reached skill level 1 in Fire Magic
  1160 | D:2      | Reached skill level 1 in Ice Magic
  1160 | D:2      | Reached skill level 1 in Air Magic
  1160 | D:2      | Reached skill level 1 in Earth Magic
  1160 | D:2      | Reached skill level 1 in Poison Magic
  1233 | D:2      | You fall into a shaft and drop 1 floor!
  1295 | D:3      | Reached XP level 5. HP: 47/47 MP: 7/7
  1690 | D:3      | Noticed Grinder
  1694 | D:3      | Paralysed by Grinder for 6 turns
  1705 | D:3      | Paralysed by Grinder for 7 turns
  1712 | D:3      | Killed Grinder
  1712 | D:3      | Reached skill level 5 in Crossbows
  1712 | D:3      | Reached XP level 6. HP: 16/53 MP: 7/9
  3040 | D:4      | Reached XP level 7. HP: 25/59 MP: 10/10
  3726 | D:4      | Found a sparkling altar of Nemelex Xobeh.
  4099 | D:5      | Entered Level 5 of the Dungeon
  4127 | D:5      | Found a staircase to the Ecumenical Temple.
  4137 | Temple   | Entered the Ecumenical Temple
  4145 | Temple   | Became a worshipper of Warmaster Okawaru
  4657 | D:5      | Found a radiant altar of Vehumet.
  4776 | D:5      | Found a shattered altar of Ashenzari.
  5484 | D:6      | Found a hide-covered altar of Uskayaw.
  5608 | D:6      | Reached XP level 8. HP: 62/67 MP: 12/12
  6078 | D:6      | Reached * piety under Okawaru
  6522 | D:6      | Found a shimmering altar of Xom.
  7300 | D:7      | Reached ** piety under Okawaru
  7561 | D:7      | Reached XP level 9. HP: 41/72 MP: 14/14
  8191 | D:7      | Found a glowing golden altar of the Shining One.
  8321 | D:8      | Noticed Maurice
  8331 | D:8      | Killed Maurice
  8331 | D:8      | Reached *** piety under Okawaru
  8351 | D:8      | Reached skill level 5 in Evocations
  8414 | D:8      | Reached skill level 5 in Stealth
  8977 | D:8      | Noticed Pikel
  8996 | D:8      | Killed Pikel
  8996 | D:8      | Reached skill level 5 in Invocations
  9188 | D:8      | Got a warped robe
  9272 | D:8      | Reached **** piety under Okawaru
  9272 | D:8      | Reached XP level 10. HP: 68/79 MP: 17/17
  9416 | D:8      | Noticed Maggie
  9434 | D:8      | Killed Maggie
  9434 | D:8      | Received a gift from Okawaru
  9762 | D:8      | Identified the cursed +0 robe "Robrione" {rN++ Slay-2} (You
                  | found it on level 8 of the Dungeon)
 10192 | D:9      | Reached skill level 5 in Short Blades
 10192 | D:9      | Reached skill level 5 in Long Blades
 10192 | D:9      | Reached skill level 5 in Axes
 10192 | D:9      | Reached skill level 5 in Maces & Flails
 10192 | D:9      | Reached skill level 5 in Polearms
 10192 | D:9      | Reached skill level 5 in Staves
 10192 | D:9      | Reached skill level 5 in Slings
 10192 | D:9      | Reached skill level 5 in Bows
 10192 | D:9      | Reached skill level 5 in Throwing
 10192 | D:9      | Reached skill level 5 in Dodging
 10192 | D:9      | Reached skill level 5 in Shields
 10192 | D:9      | Reached skill level 5 in Unarmed Combat
 10192 | D:9      | Reached skill level 5 in Spellcasting
 10552 | D:9      | Received a gift from Okawaru
 10991 | D:10     | Entered Level 10 of the Dungeon
 11128 | D:9      | HP: 1/80 [troll (9)]
 11367 | D:10     | Received a gift from Okawaru
 11516 | D:10     | Found a staircase to the Lair.
 11769 | D:10     | Found Sennomic's Distillery.
 11823 | D:10     | Bought a potion of curing for 48 gold pieces
 11823 | D:10     | Bought a potion of lignification for 48 gold pieces
 12117 | D:11     | Noticed a two-headed ogre
 12125 | D:11     | Killed a two-headed ogre
 12125 | D:11     | Reached ***** piety under Okawaru
 12125 | D:11     | Reached XP level 11. HP: 85/85 MP: 19/19
 12159 | D:11     | Found a blossoming altar of Fedhas.
 12222 | D:11     | Found a burning altar of Makhleb.
 12556 | D:11     | Found a staircase to the Orcish Mines.
 12721 | D:11     | Received a gift from Okawaru
 12744 | D:11     | Reached skill level 5 in Conjurations
 12744 | D:11     | Reached skill level 5 in Hexes
 12744 | D:11     | Reached skill level 5 in Charms
 12744 | D:11     | Reached skill level 5 in Summonings
 12744 | D:11     | Reached skill level 5 in Necromancy
 12744 | D:11     | Reached skill level 5 in Translocations
 12744 | D:11     | Reached skill level 5 in Transmutations
 12744 | D:11     | Reached skill level 5 in Fire Magic
 12744 | D:11     | Reached skill level 5 in Ice Magic
 12744 | D:11     | Reached skill level 5 in Air Magic
 12744 | D:11     | Reached skill level 5 in Earth Magic
 12744 | D:11     | Reached skill level 5 in Poison Magic
 12749 | D:11     | Received a gift from Okawaru
 12857 | D:11     | Cast into level 3 of the Abyss (unwielding a weapon of
                  | distortion)
 12899 | Abyss:3  | Noticed a shambling mangrove
 12899 | Abyss:3  | Noticed a worldbinder
 12899 | Abyss:3  | Noticed a worldbinder
 12901 | Abyss:3  | Noticed a deep elf sorcerer
 12916 | Abyss:3  | Found a basalt altar of Yredelemnul.
 12962 | Abyss:3  | Noticed a large abomination
 12965 | Abyss:3  | Noticed a tentacled monstrosity
 12976 | Abyss:3  | HP: 4/89 [large abomination (27)]
 12977 | Abyss:3  | Slain by a large abomination

Illustrated notes

Levels and vault maps discovered:
D:1:      minmay_arrival_solitary_statue, layout_loops_ring,
          minmay_misc_feat_plants, bh_walls_and_bars
D:2:      layout_loops_cross, first_ration, uniq_terence
D:3:      layout_basic, uniq_grinder
D:4:      layout_cave_pools, kennysheep_mini, kennysheep_opposing_triangles
D:5:      layout_basic, ashenzari_altar_1, kennysheep_mini_moat,
          minmay_temple_entry_offerings
D:6:      layout_cave_pools, lemuel_crystal_altar, marbit_many_paths
D:7:      layout_basic, tso_oasis_becter, feat_on_display
D:8:      layout_basic, uniq_maggie, uniq_pikel, uniq_maurice
D:9:      layout_cave_pools
D:10:     layout_cross, lair_entry_dummy, serial_shops, nicolae_shop_waterfront
D:11:     layout_gridville, orc_0_dummy, basic_altar, hangedman_ranch
          [blue_anna_fruit_fields], fedhas_altar_decomposition
Temple:   eino_temple_rhombus
Abyss:3:  base: Temple, hangedman_decor_riveting, hangedman_summoners_spam,
          lemuel_flamethrower_2, nicolae_abyss_rune_left_handed,
          grunt_abyss_rune_forest_and_sorcery, bh_abyss_exit_grid

Skill      XL: |  1  2  3  4  5  6  7  8  9 10 11 |
---------------+----------------------------------+-----
Invocations    | 1 2 3 4 5 6 |  6.6
Short Blades   | 1 2 3 4 5 6 |  6.0
Long Blades    | 1 2 3 4 5 6 |  6.0
Axes           | 1 2 3 4 5 6 |  6.0
Maces & Flails | 1 2 3 4 5 6 |  6.0
Polearms       | 1 2 3 4 5 6 |  6.0
Staves         | 1 2 3 4 5 6 |  6.0
Slings         | 1 2 3 4 5 6 |  6.0
Bows           | 1 2 3 4 5 6 |  6.0
Throwing       | 1 2 3 4 5 6 |  6.0
Dodging        | 1 2 3 4 5 6 |  6.0
Shields        | 1 2 3 4 5 6 |  6.0
Unarmed Combat | 1 2 3 4 5 6 |  6.0
Spellcasting   | 1 2 3 4 5 6 |  6.0
Conjurations   | 1 2 3 4 5 |  5.0
Hexes          | 1 2 3 4 5 |  5.0
Charms         | 1 2 3 4 5 |  5.0
Summonings     | 1 2 3 4 5 |  5.0
Necromancy     | 1 2 3 4 5 |  5.0
Translocations | 1 2 3 4 5 |  5.0
Transmutations | 1 2 3 4 5 |  5.0
Fire Magic     | 1 2 3 4 5 |  5.0
Ice Magic      | 1 2 3 4 5 |  5.0
Air Magic      | 1 2 3 4 5 |  5.0
Earth Magic    | 1 2 3 4 5 |  5.0
Poison Magic   | 1 2 3 4 5 |  5.0
Crossbows      | 5 6 7 |  7.6
Stealth        | 3 4 5 6 |  6.5
Evocations     | 3 4 5 6 |  6.6
Fighting       | 7 8 9 |  9.0
Armour         | 7 8 9 |  9.0

Action                   |  1- 3 |  4- 6 |  7- 9 | 10-12 || total
-------------------------+-------+-------+-------+-------++-------
Melee: Falchion          |       |    60 |   452 |       ||   512
       Bite              |       |     9 |   102 |    70 ||   181
       Punch             |       |     1 |     3 |       ||     4
       Spear             |       |       |    50 |   428 ||   478
 Fire: Hand crossbow     |    65 |    77 |    64 |     9 ||   215
Evoke: Wand              |       |       |     3 |     1 ||     4
       Lightning rod     |       |       |       |     3 ||     3
  Use: Potion            |       |     1 |     1 |     5 ||     7
       Scroll            |       |       |     7 |     6 ||    13
 Stab: Sleeping          |       |     1 |     7 |     6 ||    14
       Distracted        |       |       |     2 |     2 ||     4
  Eat: Chunk             |       |     6 |    14 |     9 ||    29
       Ration            |       |       |     2 |     1 ||     3
Armor: Ring mail         |     8 |    45 |   206 |     9 ||   268
       Skin              |       |     4 |     3 |       ||     7
       Troll leather arm |       |       |       |    77 ||    77
       Robe              |       |       |       |     8 ||     8
Dodge: Dodged            |    16 |    75 |   333 |   181 ||   605
Block: Buckler           |       |       |    92 |    97 ||   189
       Rpst.: Falchion   |       |    19 |   113 |       ||   132
